 Dungeon Crawl Stone Soup version 0.17.0-28-g6e173f8 (webtiles) character file.

822 rutigerpupkin the Firebug (level 7, 0/36 HPs)
             Began as a Gargoyle Fire Elementalist on Dec 1, 2015.
             Slain by a sky beast (1 damage)
             ... on level 5 of the Dungeon.
             The game lasted 00:21:42 (4899 turns).

rutigerpupkin the Firebug (GrFE)                    Turns: 4899, Time: 00:21:42

Health: 0/36       AC:  7    Str: 12    XL:     7   Next: 95%
Magic:  0/15       EV: 12    Int: 17    God:
Gold:   292        SH:  0    Dex: 10    Spells: 2 memorised, 12 levels left

rFire  + . .     SeeInvis .     G - +0 blowgun
rCold  . . .     Clarity  .     a - +0 robe
rNeg   + . .     SustAt   +     (no shield)
rPois  ∞         Gourm    .     (no helmet)
rElec  +         Spirit   .     A - +0 cloak
rCorr  .         Warding  .     (no gloves)
rMut   .         Stasis   +     (no boots)
MR     .....                    r - amulet of stasis
Stlth  ++........               L - ring of sustain attributes
                                P - ring of protection from fire

@: not resistant to hostile enchantments, unstealthy
A: negative energy resistance 1, electricity resistance, unbreathing,
petrification resistance, rot immunity, AC +4
a: no special abilities


You were on level 5 of the Dungeon.
You were not hungry.

You visited 1 branch of the dungeon, and saw 5 of its levels.

You collected 292 gold pieces.

Inventory:

Hand Weapons
 u - a +2 long sword of holy wrath
 B - a +1 dagger of venom
 G - a +0 blowgun (weapon)
 M - a cursed +0 mace
 S - a +2 mace of draining
Missiles
 n - 4 tomahawks
 v - 17 poisoned needles (quivered)
 D - 7 needles of frenzy
Armour
 a - a +0 robe (worn)
 A - a +0 cloak (worn)
Jewellery
 r - an amulet of stasis (around neck)
 z - an uncursed ring of ice
 L - a ring of sustain attributes (right hand)
 P - a ring of protection from fire (left hand)
 Q - an uncursed amulet of guardian spirit
Wands
 d - a wand of hasting (3)
Scrolls
 e - 2 scrolls of teleportation {unknown}
 f - 3 scrolls of magic mapping {unknown}
 g - a scroll of noise {unknown}
 o - 4 scrolls of random uselessness {unknown}
 q - 4 scrolls of remove curse {unknown}
 x - 3 scrolls of identify {unknown}
 y - a scroll of enchant armour {unknown}
 E - 3 scrolls of enchant weapon {unknown}
 H - a scroll of fog {unknown}
 R - a scroll of recharging {unknown}
Potions
 i - a potion of brilliance {unknown}
 j - 2 potions of haste {unknown}
 k - a potion of mutation {unknown}
 m - a potion of cure mutation {unknown}
 s - 2 potions of lignification {unknown}
 t - 2 potions of might {unknown}
 C - 2 potions of curing
 I - 3 potions of poison {unknown}
 N - a potion of degeneration {unknown}
 O - 2 potions of flight {unknown}
Books
 b - a book of Flames

   Spells                             Type                      Level
   a - Flame Tongue                   Conjuration/Fire             1
   b - Throw Flame                    Conjuration/Fire             2
   c - Conjure Flame                  Conjuration/Fire             3
   d - Inner Flame                    Hexes/Fire                   3
   e - Sticky Flame                   Conjuration/Fire             4
   f - Fireball                       Conjuration/Fire             5
 K - a book of Annihilations

   Spells                             Type                      Level
   a - Poison Arrow                   Conjuration/Poison           6
   b - Chain Lightning                Conjuration/Air              8
   c - Lehudib's Crystal Spear        Conjuration/Earth            8
   d - Glaciate                       Conjuration/Ice              9
   e - Fire Storm                     Conjuration/Fire             9
Comestibles
 c - 6 bread rations
 h - 2 fruits
 p - 3 slices of pizza
 w - a meat ration
 F - 4 chunks of flesh
 J - 2 beef jerkies


   Skills:
 - Level 1.5 Dodging
 - Level 2.1 Stealth
 * Level 5.4 Spellcasting
 + Level 4.4 Conjurations
 * Level 5.8 Fire Magic


You had 12 spell levels left.
You knew the following spells:

 Your Spells              Type           Power        Failure   Level  Hunger
a - Flame Tongue          Conj/Fire      ###..        1%          1    None
b - Conjure Flame         Conj/Fire      ###.....     6%          3    ##.....


Dungeon Overview and Level Annotations

Branches:
Dungeon (5/15)
 Temple: D:4-7

Altars:
Trog
Xom
Yredelemnul

Annotations:
D:3 Grinder


Innate Abilities, Weirdness & Mutations

You are resistant to torment.
Your stone body is resilient (AC +4).
You are immune to poison.
You resist negative energy.
You are resistant to electric shocks.
You can survive without breathing.
You are immune to petrification.
You are immune to rotting.


Message History

Casting: Flame Tongue
Confirm with . or Enter, or press ? or * to list all spells.
Aiming: Flame Tongue
Press: ? - help, Shift-Dir - straight line The flame tongue hits something.
Something hits you but does no damage.
Casting: Flame Tongue
Confirm with . or Enter, or press ? or * to list all spells.
You don't have enough magic to cast that spell.
Unknown command.
Firing (i - inventory. (,) - cycle):
v - 19 poisoned needles (quivered)
Press: ? - help, Shift-Dir - straight line You shoot a poisoned needle.
Something hits you but does no damage.
Firing (i - inventory. (,) - cycle):
v - 18 poisoned needles (quivered)
Press: ? - help, Shift-Dir - straight line You shoot a poisoned needle.
You hear the brisk rusting of a very distant drain.
Something hits you.
* * * LOW HITPOINT WARNING * * *
Something shocks you. You resist.
You die...

...♣#....##### #.........# ..
♣...+....#.# ###.......##..
...♣#......# #.........##..
...♣##...#+## ##..........#.# #
..♣♣#.......##...........#.#.###.
.♣♣ #.......##.......''###.#.....
♣♣ #.......##.......#≈# #.#.##..
♣ ##'#########+#...#.# #...##..
#####.# #@#.#.#)# ##.(##..
##.....#########{#.#.#.# ##.>##.#
#.........>...##.....#(###(..(..c
'................%.......#.###)##
#.[......................#.# #.#
#........................#.# #.#
#....[....##.............'.# #..
#.........#.....(........### ###
...........................


There were no monsters in sight!

Vanquished Creatures
  A hungry ghost (D:4)
  A phantom (D:5)
  A centaur (D:5)
  A centaur zombie (D:5)
  Crazy Yiuf (D:4)
  4 orc priests
  A jelly (D:5)
  An iguana (D:4)
  2 worker ants (D:4)
  2 orc wizards (D:5)
  7 gnolls
  3 adders (D:3)
  3 worms
  An adder skeleton (D:4)
  4 giant geckos
  22 orcs
  6 bats
  4 giant cockroaches
  11 goblins
  4 hobgoblins
  7 jackals
  6 kobolds
  A ball python (D:1)
  5 giant newts
  2 gnoll zombies (D:2)
  2 rats
103 creatures vanquished.

Notes
Turn   | Place    | Note
--------------------------------------------------------------
     0 | D:1      | rutigerpupkin the Gargoyle Fire Elementalist began the quest for the Orb.
     0 | D:1      | Reached XP level 1. HP: 10/10 MP: 3/3
   293 | D:1      | Reached XP level 2. HP: 15/15 MP: 2/5
   972 | D:2      | Found a shimmering altar of Xom.
  1154 | D:2      | Found a bloodstained altar of Trog.
  1287 | D:2      | Reached XP level 3. HP: 16/19 MP: 5/7
  1923 | D:2      | Learned a level 3 spell: Conjure Flame
  1959 | D:2      | Found a basalt altar of Yredelemnul.
  2134 | D:3      | Noticed Grinder
  2287 | D:3      | Reached XP level 4. HP: 22/24 MP: 0/9
  2558 | D:3      | Reached XP level 5. HP: 28/28 MP: 3/10
  3188 | D:3      | Reached skill level 4 in Fire Magic
  3607 | D:4      | Noticed Crazy Yiuf
  3616 | D:4      | Killed Crazy Yiuf
  3616 | D:4      | Reached XP level 6. HP: 32/32 MP: 5/12
  4401 | D:4      | Noticed a hungry ghost
  4412 | D:4      | Killed a hungry ghost
  4412 | D:4      | Reached skill level 5 in Fire Magic
  4412 | D:4      | Reached XP level 7. HP: 36/36 MP: 7/14
  4543 | D:5      | Entered Level 5 of the Dungeon
  4625 | D:5      | Reached skill level 5 in Spellcasting
  4899 | D:5      | HP: 1/36 [something (3)]
  4899 | D:5      | Slain by a sky beast

Action                   |  1- 3 |  4- 6 |  7- 9 || total
-------------------------+-------+-------+-------++-------
Melee: Unarmed           |    12 |       |       ||    12
       Long sword        |    16 |     5 |     4 ||    25
 Fire: Blowgun           |       |    40 |     9 ||    49
 Cast: Flame Tongue      |    80 |    62 |    40 ||   182
       Conjure Flame     |       |     9 |     1 ||    10
  Use: Potion            |       |       |     4 ||     4
 Stab: Sleeping          |       |     5 |     1 ||     6
       Distracted        |       |     1 |       ||     1
  Eat: Chunk             |     5 |     7 |     2 ||    14
